 Dungeon Crawl Stone Soup version 0.31-a0-152-g6aa68a64a1 (webtiles) character file.

Game seed: 11608710949357973043

1814696 aesen the Slayer (level 25, 228/228 HPs)
             Began as a Green Draconian Warper on June 9, 2023.
             Was the Champion of Hepliaklqana.
             Escaped with the Orb
             ... and 3 runes on June 10, 2023!
             The game lasted 03:23:02 (57675 turns).

aesen the Slayer (Green Draconian Warper)          Turns: 57675, Time: 03:23:03

Health: 228/228    AC: 22    Str: 16    XL:     25   Next: 88%
Magic:  35/37      EV: 40    Int: 18    God:    Hepliaklqana [******]
Gold:   6825       SH:  0    Dex: 28    Spells: 39/44 levels left

rFire   + . .        a - +6 longbow (flame)
rCold   + + .        (shield currently unavailable)
rNeg    . . .        (body armour unavailable)
rPois   +            (helmet restricted)
rElec   .            X - scarf {rC+ rF+}
rCorr   +            Y - +2 pair of gloves {Dex+3}
SInv    +            W - +2 pair of boots
Will    ++...        e - amulet of Tamautopt {Spirit rPois Regen+ rCorr Int+3}
Stlth   +            M - +6 ring of dexterity
HPRegen 1.38/turn    Z - ring "Nilyogio" {AC+4 SInv}
MPRegen 0.25/turn

%: guardian spirit
@: studying Short Blades
A: reduced essence, breathe noxious fumes, AC +12, unfitting armour, stinger 1,
poison resistance, cold-blooded, cold resistance 1, strong-willed 1
0: Orb of Zot
}: 3/15 runes: barnacled, silver, gossamer
a: Breathe Noxious Fumes, Renounce Religion, Recall Ancestor, Ancestor Identity,
Transference, Idealise


You escaped.
You worshipped Hepliaklqana.
Hepliaklqana was exalted by your worship.
You visited 10 branches of the dungeon, and saw 48 of its levels.
You visited the Abyss 1 time.
You also visited: Trove and Bailey.

You collected 11588 gold pieces.
You spent 4763 gold pieces at shops.

Inventory:

Hand Weapons
 a - a +6 longbow of flaming (weapon)
 b - a +1 sling of draining
Missiles
 c - 10 boomerangs of dispersal
 q - 64 poisoned darts
 z - 6 throwing nets
 C - a curare-tipped dart
Armour
 W - a +2 pair of boots (worn)
 X - a scarf of resistance (worn)
 Y - a +2 pair of gloves of dexterity (worn)
Jewellery
 e - the amulet of Tamautopt (around neck) {Spirit rPois Regen+ rCorr Int+3}
   (You acquired it on level 12 of the Dungeon)

   [amulet of guardian spirit]

   It causes incoming damage to be divided between your reserves of health and
   magic.
   Int:       It affects your intelligence (+3).
   rPois:     It protects you from poison.
   Regen:     It increases your rate of health regeneration.
   rCorr:     It protects you from acid and corrosion.
 f - the ring "Piwapseo" {rElec rC+ Will+++ Str-5 Stlth-}
   (You found it in a treasure trove)

   [ring of protection from cold]

   Str:       It affects your strength (-5).
   rC:        It protects you from cold.
   rElec:     It insulates you from electricity.
   Will:      It greatly increases your willpower.
   Stlth:     It makes you less stealthy.
 h - the ring of Greed {rC+ rN+++ Will- Int+6}
   (You found it in a treasure trove)

   [ring of protection from cold]

   Int:       It affects your intelligence (+6).
   rC:        It protects you from cold.
   rN:        It renders you almost immune to negative energy.
   Will:      It decreases your willpower.
 x - a ring of ice
 M - a +6 ring of dexterity (left hand)
 Z - the ring "Nilyogio" (right hand) {AC+4 SInv}
   (You bought it in a shop on level 14 of the Dungeon)

   [ring of protection]

   AC:        It affects your AC (+4).
   SInv:      It lets you see invisible.
Wands
 n - a wand of flame (50)
 o - a wand of mindburst (21)
 t - a wand of digging (14)
 w - a wand of paralysis (23)
 B - a wand of polymorph (25)
 N - a wand of iceblast (40)
 T - a wand of acid (17)
Scrolls
 d - 5 scrolls of torment
 g - 4 scrolls of poison
 i - 7 scrolls of immolation
 l - 3 scrolls of blinking
 m - 8 scrolls of fog
 p - 10 scrolls of vulnerability
 s - a scroll of brand weapon
 D - 4 scrolls of silence
 F - 6 scrolls of fear
 G - 14 scrolls of teleportation
 H - a scroll of amnesia
 P - a scroll of butterflies
 Q - 2 scrolls of magic mapping
Potions
 j - 27 potions of curing
 k - 10 potions of ambrosia
 r - 13 potions of brilliance
 u - 8 potions of enlightenment
 v - 2 potions of haste
 A - 6 potions of cancellation
 E - 4 potions of resistance
 I - 10 potions of heal wounds
 J - 10 potions of mutation
 K - 4 potions of invisibility
 L - 5 potions of magic
 S - 11 potions of lignification
Miscellaneous
 O - a condenser vane
 V - a phial of floods


   Skills:
 + Level 26.3 Fighting
 - Level 2.0 Polearms
 - Level 20.0 Ranged Weapons
 - Level 2.0 Throwing
 - Level 26.0 Dodging
 - Level 2.0 Stealth
 - Level 10.0 Spellcasting
 - Level 5.0 Translocations
 - Level 5.0 Transmutations
 - Level 5.0 Earth Magic
 - Level 13.0 Invocations
 - Level 15.0 Evocations


You had 39 spell levels left.
You knew the following spells:

 Your Spells              Type           Power      Damage    Failure   Level
a - Passwall              Tmut/Erth      22%        N/A       1%          2
A - Apportation           Tloc           54%        N/A       1%          1
B - Blink                 Tloc           54%        N/A       1%          2

Your spell library contained the following spells:

 Spells                   Type           Power      Damage    Failure   Level
 Beastly Appendage        Tmut           54%        N/A       1%          1
 Lesser Beckoning         Tloc           54%        N/A       1%          2
 Wereblood                Tmut           27%        N/A       1%          2
 Sting                    Tmut/Pois      72%        1d6       2%          1
 Teleport Other           Tloc           27%        N/A       3%          3
 Freeze                   Ice            36%        1d5       8%          1
 Kiss of Death            Conj/Necr      36%        2d8       8%          1
 Magic Dart               Conj           36%        1d4       8%          1
 Necrotise                Necr           36%        1d5       8%          1
 Shock                    Conj/Air       36%        1d5       8%          1
 Slow                     Hex            36%        N/A       8%          1
 Summon Small Mammal      Summ           36%        N/A       8%          1
 Spider Form              Tmut/Pois      18%        N/A       9%          3
 Vhi's Electric Charge    Tloc/Air       36%        N/A       9%          3
 Manifold Assault         Tloc           27%        N/A       10%         4
 Cigotuvi's Dreadful Rot  Necr/Pois/Air  18%        N/A       12%         2
 Ensorcelled Hibernation  Hex/Ice        18%        N/A       12%         2
 Poisonous Vapours        Pois/Air       18%        N/A       12%         2
 Scorch                   Fire           18%        2d5       12%         2
 Searing Ray              Conj           18%        2d5       12%         2
 Sublimation of Blood     Necr           9%         N/A       12%         2
 Ignite Poison            Fire/Tmut/Pois 14%        N/A       12%         3
 Call Canine Familiar     Summ           9%         N/A       24%         3
 Confusing Touch          Hex            9%         N/A       24%         3
 Frozen Ramparts          Ice            18%        1d3       24%         3
 Hailstorm                Conj/Ice       9%         3d4       24%         3
 Inner Flame              Hex/Fire       9%         N/A       24%         3
 Summon Guardian Golem    Hex/Summ       9%         N/A       24%         3
 Swiftness                Air            9%         N/A       24%         3
 Vampiric Draining        Necr           9%         2d6       24%         3
 Ice Form                 Ice/Tmut       18%        N/A       28%         4
 Leda's Liquefaction      Hex/Erth       9%         N/A       28%         4
 Blade Hands              Tmut           13%        N/A       28%         5
 Lee's Rapid Deconstruct  Erth           13%        3d9*      28%         5
 Airstrike                Air            4%         2d(1-17)  61%         4
 Dispel Undead            Necr           9%         3d8       61%         4
 Flame Wave               Conj/Fire      9%         2d6       61%         4
 Fulminant Prism          Conj/Hex       4%         3d5       61%         4
 Olgreb's Toxic Radiance  Pois           9%         N/A       61%         4
 Sticky Flame             Conj/Fire      9%         2d3       61%         4
 Summon Ice Beast         Ice/Summ       9%         N/A       61%         4
 Summon Lightning Spire   Summ/Air       9%         N/A       61%         4
 Alistair's Intoxication  Tmut/Pois      12%        N/A       61%         5
 Borgnjor's Vile Clutch   Necr/Erth      9%         N/A       61%         5
 Irradiate                Conj/Tmut      9%         3d14      61%         5
 Summon Forest            Summ/Tloc      9%         N/A       61%         5
 Yara's Violent Unravell  Hex/Tmut       9%         3d6       61%         5
 Statue Form              Tmut/Erth      18%        N/A       83%         6
 Freezing Cloud           Conj/Ice/Air   4%         6-21      91%         5
 Summon Mana Viper        Hex/Summ       9%         N/A       91%         5
 Eringya's Noxious Bog    Tmut/Pois      9%         N/A       99%         6
 Leda's Unmaking          Conj/Erth      9%         9d2       99%         6
 Simulacrum               Ice/Necr       4%         N/A       100%        6
 Summon Cactus Giant      Summ           4%         N/A       100%        6
 Dragon Form              Tmut           13%        N/A       100%        7
 Enfeeble                 Hex            4%         N/A       100%        7
 Haunt                    Necr/Summ      4%         N/A       100%        7
 Monstrous Menagerie      Summ           4%         N/A       100%        7
 Orb of Destruction       Conj           4%         9d5       100%        7
 Spellforged Servitor     Conj/Summ      4%         N/A       100%        7
 Summon Hydra             Summ           4%         N/A       100%        7
 Ignition                 Fire           4%         3d4       100%        8
 Chain Lightning          Conj/Air       4%         3d6       100%        9
 Fire Storm               Conj/Fire      4%         8d1       100%        9
 Animate Armour           Summ/Erth      Unusable   N/A       N/A         4

Dungeon Overview and Level Annotations

Branches:
Dungeon (15/15)            Temple (1/1) D:7            Lair (5/5) D:8
 Shoals (4/4) Lair:3       Spider (4/4) Lair:3        Slime (0/5) Lair:4
    Orc (2/2) D:11            Elf (3/3) Orc:2        Vaults (5/5) D:14
  Crypt (0/3) Vaults:2     Depths (4/4) D:15            Zot (5/5) Depths:4
 Bailey (visited)

Altars:
Ashenzari
Cheibriados
Dithmenos
Elyvilon
Fedhas
Gozag
Hepliaklqana
Kikubaaqudgha
Makhleb
Nemelex Xobeh
Okawaru
Qazlal
Ru
Sif Muna
Trog
Uskayaw
Vehumet
Wu Jian
Xom
Yredelemnul
Zin
The Shining One

Shops:
D:9 **   D:14 =**[   Orc:1 (   Orc:2 [[(?   Elf:1 (   Elf:2 !!*   Shoals:1 ?
Shoals:3 [   Vaults:2 (   Vaults:3 ?   Depths:1 *:[!   Depths:2 :   Depths:4 [

Portals:
Hell: Depths:1 Depths:2 Depths:3 Depths:4
Abyss: Depths:3
Pandemonium: Depths:2 Depths:4
Ziggurat: Depths:3

Annotations:
D:2 exclusion: door
D:8 2 transporters
D:14 2 transporters
D:15 Roxanne
Lair:2 2 transporters, MirrMurr's ghost, journeyman SpHu
Lair:5 1 runed translucent door
Elf:1 6 runed translucent doors
Vaults:4 Mennas
Depths:3 3 runed translucent doors, Iloeme's ghost, adept DECK
Zot:3 exclusion: upstairs
Zot:5 3 runed translucent doors, 2 exclusions, Vorhees's ghost, legendary DjSu


Innate Abilities, Weirdness & Mutations

Your life essence is reduced to manifest your ancestor. (-10% HP)
You can breathe blasts of noxious fumes.
Your lurid green scales are hard. (AC +12)
You cannot fit into any form of body armour.
Your tail ends in a venomous barb.
Your system is resistant to poisons. (rPois)
You are cold-blooded and may be slowed by cold attacks.
Your flesh is cold resistant. (rC+)
You are strong-willed. (Will+)


Message History

No target in view!
Okay, then.
Your magical effects are unravelling.
You feel magically purged.
You feel less wooden.
Your scarf of resistance unmelds from your body.
Your +2 pair of gloves of dexterity unmelds from your body.
Your +2 pair of boots unmelds from your body.
You feel resistant to extremes of temperature.
You feel agile.
A ynoxinul comes into view.
The ynoxinul bellows!
Danger!
There is an open door here.
The ynoxinul gestures at you. The entropic shot misses you.
There is a stone staircase leading up here.
You climb upwards.
There is a stone staircase leading down here.
Unknown command.
(D) Dungeon (T) Temple (L) Lair (A) Shoals (N) Spider Nest (M) Slime Pits (O) Orcish Mines (E) Elven Halls (V) Vaults (C) Crypt (U) Depths (H) Hell (Z) Zot
Where to? (Enter - D:1 @ (x,y), ? - help)
What level of the Dungeon? (default 1, ? - help) HP restored.
Magic restored.
There is a stone staircase leading up here.
You climb upwards.
Level annotation: exclusion: door
There is a stone staircase leading down here.
There is an open door here.
There is a stone staircase leading up here.
You climb upwards.
There is a stone staircase leading down here.
You see here a +0 club.
There is an open door here.
There is a staircase leading out of the dungeon here.
Xiloxoch is recalled.
You have escaped!

#####..#.#.###########.#
.......#.#.............#
.......#)#######.#######
.........##~~~~#'#~~~~##
.........#~~☼~~#.#~~~~~#
#####..#.#~~#~~#.#~~#~~#
.......#.#°~~~☼#.#~~~~~#
.......#.#~~☼~~#R#~~~~~#
.##.####.#~~~~~#@#~~☼~~#
..>......#~~~~~#.#~~~~~#
##########~~#~~#.#~~#~~#
#~~~~~#.#~~~~°##########
#~~~~~#.#~~~~~##........
##~~○~#'#~~~~###.#######
################.########.#
..........................#
###########.#.#############


You could see the friendly Xiloxoch the knight (reflecting).

Vanquished Creatures
  2 dread liches (Zot:5)
  An ancient lich (Zot:5)
  An orb of fire (Zot:5)
  Mara (Shoals:3)
  2 juggernauts
  4 caustic shrikes (Depths:3)
  12 golden dragons
  An electric golem (Zot:2)
  4 tentacled monstrosities
  An Ice Fiend (D:4)
  20 Orb Guardians
  Mlioglotl (Lair:3)
  4 liches
  A walking frostbound tome (Depths:2)
  A walking divine tome (Depths:4)
  A quicksilver dragon (Zot:2)
  2 titans (Vaults:5)
  2 Executioners
  A deep elf blademaster (Elf:3)
  4 sphinxes
  4 death cobs
  Donald (Vaults:4)
  5 shadow dragons
  7 tengu reavers
  2 draconian monks
  9 storm dragons
  Ilsuiw (Shoals:3)
  An iron dragon (Depths:3)
  9 fire giants
  8 frost giants
  2 draconian knights (Zot:5)
  4 deep elf sorcerers
  Aizul (Shoals:3)
  A draconian scorcher (Zot:2)
  6 deep elf elementalists (Elf:3)
  5 ghost moths
  13 vault wardens
  3 emperor scorpions
  2 orc warlords
  2 war gargoyles (Vaults:5)
  A broodmother (Spider:3)
  2 formless jellyfish
  3 draconian shifters
  A draconian annihilator (Zot:3)
  23 ironbound preservers
  3 spriggan defenders
  12 stone giants
  17 very ugly things
  3 vampire knights
  5 green draconians
  2 ironbound thunderhulks (Vaults:3)
  8 white draconians
  3 starcursed masses (Abyss:2)
  6 deep elf demonologists
  5 yellow draconians
  A lorocyproca (D:5)
  7 black draconians
  8 purple draconians
  4 dire elephants
  6 deep elf annihilators
  Azrael (D:14)
  5 red draconians
  6 spark wasps
  4 merfolk javelineers
  Snorg (D:10)
  5 deep elf death magi
  A blizzard demon (Depths:4)
  4 ettins
  2 jiangshi (Depths:4)
  2 crystal guardians (Vaults:4)
  10 fire dragons
  8 merfolk impalers
  8 great orbs of eyes
  8 yaktaur captains
  7 deep elf high priests
  An entropy weaver (Spider:3)
  30 vault guards
  4 hydras
  A jorogumo (Spider:4)
  5 rakshasas
  A peacekeeper (Vaults:4)
  8 ice dragons
  6 merfolk avatars
  2 ogre magi (Vaults:5)
  2 alligator snapping turtles (Shoals:4)
  3 radroaches
  9 ironbound frosthearts
  3 merfolk aquamancers (Shoals:4)
  A death knight (D:14)
  19 centaur warriors
  2 hydras (shapeshifter)
  A catoblepas (Shoals:3)
  4 satyrs
  13 two-headed ogres
  25 dancing weapons
  3 deep troll shamans
  Erica (D:11)
  7 death scarabs (Spider:4)
  4 tengu warriors
  6 boulder beetles
  4 deep troll earth magi
  6 demonic crawlers
  3 soul eaters
  7 spriggan berserkers
  19 hell knights
  6 death yaks
  14 deep elf knights
  A spriggan (Depths:4)
  A sixfirhy (Depths:1)
  2 skysharks
  4 iron trolls
  2 sun demons
  A titan skeleton (Depths:2)
  A wretched star (Abyss:2)
  4 pharaoh ants
  A cherub (D:15)
  62 deep trolls
  A skeletal warrior (D:10)
  A storm dragon skeleton (Depths:1)
  7 sea snakes
  3 flayed ghosts
  A kraken simulacrum (Shoals:4)
  5 glowing orange brains
  6 orb spiders
  3 wizards
  2 spectral jorogumos (Spider:4)
  An obsidian statue (Depths:1)
  Pikel (D:6)
  33 deep elf pyromancers
  3 steelbarb worms
  4 necromancers
  5 lindwurms
  7 orc knights
  7 deep elf archers
  A wolf spider zombie (Spider:4)
  6 phantasmal warriors
  12 ironbound convokers
  12 harpies
  20 deep elf zephyrmancers
  2 oklob plants (Lair:4)
  8 wolf spiders
  2 wolf spiders (shapeshifter)
  14 moths of wrath
  A faun (shapeshifter) (Depths:2)
  A sphinx zombie (Depths:2)
  A shadow dragon skeleton (Depths:2)
  31 ugly things
  19 fauns
  A shining eye (Depths:3)
  16 manticores
  10 cyclopes
  11 merfolk sirens
  A salamander (shapeshifter) (Elf:2)
  3 black mambas
  Joseph (D:10)
  2 rust devils (Depths:1)
  9 elephants
  7 torpor snails
  Maggie (D:6)
  3 water nymphs
  A fire giant skeleton (Depths:1)
  15 vault sentinels
  2 smoke demons
  2 gargoyles
  2 freezing wraiths
  4 spectral redbacks (Spider:4)
  4 kobold demonologists
  2 efreet
  4 orange demons
  5 rime drakes
  An unseen horror (shapeshifter) (D:14)
  A spark wasp simulacrum (Depths:1)
  9 cane toads
  21 yaktaurs
  An unseen horror (D:11)
  2 redback zombies (Spider:4)
  6 komodo dragons
  3 ice devils (Depths:1)
  8 tengu conjurers
  A wind drake (Shoals:4)
  5 trolls
  A tengu simulacrum (Depths:3)
  2 polar bears
  2 tarantellas (shapeshifter)
  2 hellwings
  5 hornets
  19 merfolk
  A spectral tarantella (Spider:4)
  2 tyrant leeches (Lair:5)
  A tarantella zombie (Spider:4)
  A jumping spider zombie (Spider:4)
  3 spectral jumping spiders (Spider:4)
  17 tarantellas
  A dream sheep (shapeshifter) (Depths:4)
  14 dream sheep
  11 blink frogs
  9 snapping turtles
  26 slime creatures
  25 jumping spiders
  Sigmund (D:6)
  2 shadows
  A slime creature (shapeshifter) (Vaults:5)
  An air elemental (Elf:2)
  A small abomination (Abyss:2)
  15 culicivoras
  A wraith (D:14)
  4 ynoxinuls
  A fire bat (Lair:2)
  11 wyverns
  10 water elementals
  27 yaks
  A hog (shapeshifter) (Vaults:5)
  A fire bat (shapeshifter) (Elf:1)
  4 basilisks
  A redback (shapeshifter) (Elf:2)
  A steam dragon (D:8)
  5 fire elementals
  2 chaos spawn (D:9)
  52 redbacks
  6 vampire mosquitoes
  4 large abominations (Abyss:2)
  2 wargs
  Menkaure (D:5)
  8 water moccasins
  2 hell hounds
  2 floating eyes
  A floating eye (shapeshifter) (Vaults:4)
  A black bear (shapeshifter) (Depths:3)
  3 ice beasts
  23 orc warriors
  4 ogres
  3 boggarts (D:14)
  5 wolves
  8 centaurs
  Blork the orc (D:4)
  3 kobold brigands
  A gnoll sergeant (D:12)
  7 bullfrogs
  3 earth elementals
  2 scorpions (D:5)
  3 wights (D:7)
  Dowan (D:6)
  7 killer bees
  2 howler monkeys
  3 crimson imps (D:10)
  A lava snake (D:9)
  5 hounds
  2 jellies
  20 orc priests
  A gnoll bouda (D:7)
  An iguana (shapeshifter) (Vaults:5)
  A sleepcap (D:7)
  6 hell rats
  2 iguanas
  13 orc wizards
  Robin (D:4)
  19 gnolls
  6 adders
  7 river rats (Lair:1)
  2 white imps
  A worm (D:2)
  3 dart slugs
  92 orcs
  4 endoplasms
  3 giant cockroaches
  17 goblins
  7 hobgoblins
  7 jackals
  24 kobolds
  8 quokkas
  7 ball pythons
  5 bats
  3 frilled lizards
  11 rats
  3 tentacles (Shoals:4)
1699 creatures vanquished.

Vanquished Creatures (collateral kills)
  An ancient lich (Zot:5)
  An orb of fire (Zot:5)
  A Killer Klown (Zot:5)
  Bai Suzhen (Spider:3)
  A caustic shrike (Depths:3)
  Nikola (Spider:1)
  2 golden dragons
  Jorgrun (D:14)
  A lich (Depths:2)
  3 Orb Guardians (Zot:5)
  4 tentacled monstrosities
  A walking divine tome (Depths:4)
  A quicksilver dragon (Zot:5)
  A kraken (Shoals:4)
  Polyphemus (Shoals:3)
  Frances (D:14)
  A sphinx (Vaults:4)
  A tengu reaver (Vaults:5)
  2 draconian monks
  3 storm dragons
  A draconian knight (Zot:5)
  A deep elf sorcerer (Elf:3)
  A frost giant (shapeshifter) (Vaults:5)
  2 iron dragons
  A fire giant (Depths:4)
  2 frost giants
  2 vault wardens
  2 emperor scorpions (Spider:1)
  3 ghost moths
  2 deep elf elementalists
  2 ironbound preservers
  An orc warlord (Orc:2)
  A draconian annihilator (Zot:5)
  A draconian stormcaller (Zot:5)
  A broodmother (Spider:1)
  A war gargoyle (Vaults:5)
  7 very ugly things
  An ironbound thunderhulk (Vaults:3)
  4 stone giants
  A black draconian (Depths:4)
  A white draconian (Zot:5)
  3 red draconians
  2 eleionomae (Shoals:1)
  2 yellow draconians
  A dire elephant (Lair:5)
  2 purple draconians (Zot:5)
  2 deep elf death magi
  A jiangshi (Depths:4)
  2 merfolk javelineers (Shoals:4)
  3 merfolk impalers
  2 entropy weavers (Vaults:1)
  A spriggan zombie (Depths:1)
  2 fire dragons (Depths:1)
  A deep elf high priest (Elf:3)
  3 ettins
  2 great orbs of eyes
  A vault guard (Vaults:5)
  An ice dragon (Depths:4)
  4 hydras
  Erolcha (D:9)
  3 ogre magi
  A peacekeeper (Vaults:3)
  A jorogumo (shapeshifter) (D:15)
  4 centaur warriors
  2 catoblepae
  2 demonic crawlers
  A satyr (Shoals:1)
  3 dancing weapons
  An alligator snapping turtle (Shoals:3)
  3 tengu warriors
  A merfolk aquamancer (Shoals:4)
  A death yak (Lair:5)
  2 deep troll shamans
  7 two-headed ogres
  A vampire mage (Depths:4)
  A death scarab (Spider:4)
  A deep troll earth mage (Depths:4)
  2 spriggan berserkers (Elf:3)
  A soul eater (D:9)
  An orc high priest (Elf:1)
  2 skysharks
  A titan skeleton (Depths:1)
  5 deep elf knights
  3 hell knights (Depths:1)
  2 pharaoh ants
  2 iron trolls
  A skeletal warrior (D:14)
  An orb spider (Spider:1)
  A glowing orange brain (shapeshifter) (Vaults:2)
  A tengu zombie (Depths:3)
  14 deep trolls
  A glowing orange brain (D:15)
  2 sea snakes
  3 steelbarb worms
  A wizard (Vaults:4)
  2 deep elf archers
  2 ironbound convokers (Vaults:1)
  5 harpies
  2 necromancers
  2 orc knights
  3 phantasmal warriors
  3 lindwurms
  An obsidian statue (Depths:1)
  4 cyclopes
  4 deep elf pyromancers
  3 wolf spiders
  2 orc sorcerers
  A worldbinder (Abyss:2)
  4 deep elf zephyrmancers
  9 manticores
  A faun (Shoals:1)
  11 ugly things
  4 moths of wrath
  5 elephants
  8 slime creatures
  3 merfolk sirens
  3 water nymphs
  A rust devil (Depths:4)
  A vault sentinel (Vaults:1)
  2 black mambas (Lair:5)
  A torpor snail (Lair:5)
  A smoke demon (D:9)
  7 yaktaurs
  An orange demon (Depths:1)
  A komodo dragon (Lair:1)
  A freezing wraith (D:15)
  4 cane toads
  A spectral redback (Spider:4)
  A rime drake (D:15)
  A tengu conjurer (D:12)
  8 merfolk
  A red devil (Depths:1)
  4 trolls
  2 polar bears
  4 hornets (Lair:5)
  A tyrant leech (Lair:5)
  4 blink frogs
  A tengu simulacrum (Depths:3)
  3 tarantellas
  2 dream sheep
  A culicivora zombie (Spider:4)
  2 jumping spiders (Spider:4)
  A centaur simulacrum (D:10)
  3 snapping turtles
  A water elemental (Shoals:4)
  A shadow (D:12)
  A spriggan (Depths:4)
  6 culicivoras
  A vampire (D:12)
  9 wyverns
  10 yaks
  Eustachio (D:4)
  2 fire bats (Lair:2)
  3 fire elementals (D:14)
  2 steam dragons (D:8)
  4 basilisks (D:15)
  5 wraiths
  A vampire mosquito (D:14)
  2 large abominations (Abyss:2)
  12 redbacks
  A neqoxec (D:9)
  7 water moccasins
  Duvessa (D:6)
  A hell hound (D:14)
  16 orc warriors
  An ice beast (D:7)
  An ogre (Orc:1)
  A wolf (Lair:3)
  2 boggarts (D:14)
  A centaur (Shoals:1)
  A lemure (D:6)
  3 kobold brigands
  5 bullfrogs
  2 gnoll sergeants
  4 wights (D:7)
  6 killer bees
  A howler monkey (D:12)
  A crimson imp (D:10)
  A quasit (D:9)
  A jelly (shapeshifter) (D:12)
  4 orc priests
  2 iguanas (D:7)
  6 orc wizards
  9 hell rats
  2 gnolls
  5 river rats (Lair:1)
  27 orcs
  A goblin (shapeshifter) (Vaults:5)
  3 kobolds (D:9)
  A quokka (Lair:1)
  3 rats (Lair:1)
  A tentacle (Shoals:4)
506 creatures vanquished.

Vanquished Creatures (others)
  A deep elf master archer (Elf:3)
  A yaktaur captain (Vaults:5)
  An ogre mage (D:10)
  2 centaur warriors
  A merfolk aquamancer (Shoals:4)
  A cherub (D:15)
  2 deep elf archers (Elf:2)
  2 moths of wrath
  A wolf spider simulacrum (D:12)
  A wind drake (Shoals:4)
  A water elemental (Shoals:4)
  43 knights
  3 ancestors
  An orc (Orc:2)
61 creatures vanquished.

Grand Total: 2266 creatures vanquished

Notes
Turn   | Place    | Note
-------+----------+-------------------------------------------
     0 | D:1      | aesen the Draconian Warper began the quest for the Orb.
     0 | D:1      | Reached XP level 1. HP: 17/17 MP: 3/3
   244 | D:1      | Reached skill level 1 in Throwing
   244 | D:1      | Reached XP level 2. HP: 26/26 MP: 5/5
   505 | D:1      | Reached skill level 1 in Ranged Weapons
   753 | D:1      | Reached XP level 3. HP: 31/31 MP: 6/6
  1059 | D:1      | Learned a level 2 spell: Blink
  1662 | D:3      | Found an ornate altar of the Wu Jian Council.
  1875 | D:3      | Reached XP level 4. HP: 38/38 MP: 7/7
  1972 | D:3      | Found a hazy altar of Hepliaklqana.
  1980 | D:3      | Became a worshipper of Hepliaklqana the Forgotten
  2026 | D:3      | Identified the staff of conjuration "Qauwkih" {rElec}
  2576 | D:4      | Reached XP level 5. HP: 40/45 MP: 8/8
  2963 | D:4      | Found a sparkling altar of Nemelex Xobeh.
  3460 | D:4      | Noticed Robin
  3507 | D:4      | Killed Robin
  3673 | D:4      | Noticed Blork the orc
  3815 | D:4      | Killed Blork the orc
  3816 | D:4      | Reached XP level 6. HP: 19/52 MP: 9/9
  4054 | D:4      | Noticed Eustachio
  4125 | D:5      | Entered Level 5 of the Dungeon
  4326 | D:5      | Found a burning altar of Makhleb.
  4344 | D:5      | Noticed an ice beast
  4474 | D:5      | Reached * piety under Hepliaklqana
  4579 | D:5      | Reached skill level 5 in Ranged Weapons
  4579 | D:5      | Your scales start taking on a lurid green colour.
  4579 | D:5      | Reached XP level 7. HP: 34/53 MP: 10/10
  4579 | D:5      | Gained mutation: Your system is resistant to poisons.
                  | (rPois) [Green Draconian growth]
  4874 | D:5      | Found a bloodstained altar of Trog.
  5047 | D:5      | Reached skill level 1 in Invocations
  5299 | D:6      | Noticed Menkaure
  5304 | D:5      | Killed Menkaure
  5305 | D:5      | Reached skill level 5 in Fighting
  5389 | D:4      | Killed Eustachio
  5390 | D:4      | Reached XP level 8. HP: 61/61 MP: 11/11
  5522 | D:6      | Noticed a hornet
  5595 | D:6      | Noticed Pikel
  5642 | D:6      | Noticed Dowan
  5655 | D:6      | Noticed Duvessa
  5660 | D:6      | Killed Dowan
  5660 | D:6      | Killed Sigmund
  5661 | D:6      | Killed Duvessa
  5686 | D:6      | Noticed Maggie
  5701 | D:6      | Killed Maggie
  5702 | D:6      | Reached skill level 5 in Dodging
  5874 | D:6      | Killed Pikel
  5875 | D:6      | Reached skill level 1 in Evocations
  5875 | D:6      | Reached XP level 9. HP: 63/67 MP: 11/13
  6333 | D:7      | Found a staircase to the Ecumenical Temple.
  6333 | D:7      | Reached ** piety under Hepliaklqana
  6352 | Temple   | Entered the Ecumenical Temple
  6352 | Temple   | Found a transporter.
  6352 | Temple   | Found a transporter.
  6354 | Temple   | Found a transporter.
  6354 | Temple   | Found a transporter.
  6390 | D:7      | Remembered your ancestor Xiloxoch as a knight
  6870 | D:7      | Found a shadowy altar of Dithmenos.
  6972 | D:7      | Found a faded altar of an unknown god.
  6972 | D:7      | Found an iron altar of Okawaru.
  6989 | D:7      | Found a sacrificial altar of Ru.
  7096 | D:7      | Found a stormy altar of Qazlal.
  7098 | D:7      | Found a faded altar of an unknown god.
  7177 | D:8      | Reached XP level 10. HP: 79/79 MP: 14/14
  7479 | D:8      | Found a staircase to the Lair.
  7667 | D:8      | Noticed a cyclops
  7668 | D:8      | Noticed a death knight
  7669 | D:8      | Noticed a red ugly thing
  7725 | D:8      | Found a transporter.
  7732 | D:8      | Noticed a centaur warrior
  7733 | D:8      | Noticed a tengu warrior
  7744 | D:8      | Found a transporter.
  7972 | D:8      | Reached skill level 10 in Ranged Weapons
  8100 | D:9      | Noticed a soul eater
  8107 | D:9      | Gained mutation: You occasionally shout uncontrollably at
                  | your foes. [a neqoxec]
  8166 | D:9      | Reached *** piety under Hepliaklqana
  8190 | D:9      | Found a shimmering blue altar of Sif Muna.
  8213 | D:9      | Noticed a +0 hand axe
  8213 | D:9      | Noticed a +0 hand axe
  8215 | D:9      | Found a hide-covered altar of Uskayaw.
  8274 | D:9      | Found a flagged portal.
  8284 | Bailey   | Entered a bailey
  8458 | Bailey   | Noticed an orc knight
  8460 | Bailey   | Killed an orc knight
  8704 | Lair:1   | Entered Level 1 of the Lair of Beasts
  8713 | Lair:1   | Noticed a cane toad
  8728 | Lair:1   | Killed a cane toad
  8737 | Lair:1   | Noticed a cane toad
  8761 | Lair:1   | Killed a cane toad
  9208 | Lair:1   | Noticed a cane toad
  9219 | Lair:1   | Killed a cane toad
  9220 | Lair:1   | Reached XP level 11. HP: 87/87 MP: 15/15
  9258 | Lair:1   | Learned a level 1 spell: Apportation
  9481 | Lair:1   | Identified the staff of conjuration "Unnatwos" {Str+2
                  | Stlth+}
  9657 | Lair:1   | Reached **** piety under Hepliaklqana
 10021 | Lair:2   | Reached skill level 10 in Fighting
 10061 | Lair:2   | Reached skill level 1 in Stealth
 10135 | Lair:2   | Noticed a lindwurm
 10152 | Lair:2   | Killed a lindwurm
 10255 | Lair:2   | Noticed MirrMurr's ghost (journeyman SpHu)
 10260 | Lair:2   | Found a transporter.
 10282 | Lair:2   | Found a transporter.
 10544 | Lair:2   | Reached XP level 12. HP: 95/95 MP: 16/16
 10555 | Lair:2   | Found a dark tunnel.
 10974 | Lair:3   | Noticed a four-headed hydra
 11176 | Lair:3   | Killed a four-headed hydra
 11489 | Lair:3   | Found a hole to the Spider Nest.
 11742 | Lair:3   | Found a staircase to the Shoals.
 12177 | Lair:4   | Reached ***** piety under Hepliaklqana
 12655 | Lair:4   | Reached XP level 13. HP: 106/106 MP: 17/17
 12906 | Lair:4   | Found a staircase to the Slime Pits.
 13442 | Lair:5   | Entered Level 5 of the Lair of Beasts
 13593 | Lair:5   | Found a runed translucent door.
 13593 | Lair:5   | Noticed a fire dragon
 13606 | Lair:5   | Reached skill level 5 in Evocations
 13671 | Lair:5   | Reached skill level 5 in Invocations
 14300 | Lair:5   | Reached skill level 10 in Dodging
 14434 | Lair:5   | Noticed a dire elephant
 14813 | Lair:5   | Identified the +7 spear of Dividends {holy, Int+4}
 15661 | Lair:5   | Killed a dire elephant
 16094 | Lair:5   | Gained mutation: Your tail ends in a venomous barb. [Green
                  | Draconian growth]
 16094 | Lair:5   | Reached XP level 14. HP: 99/116 MP: 20/20
 16374 | D:9      | Noticed Erolcha
 16455 | D:9      | Found Olorch's Assorted Antiques.
 16509 | D:9      | Bought 3 scrolls of identify for 186 gold pieces
 16513 | D:9      | Reached skill level 15 in Ranged Weapons
 16513 | D:9      | Reached XP level 15. HP: 121/121 MP: 21/21
 16624 | D:9      | Gained mutation: You have hidden genetic defects. [a
                  | neqoxec]
 16630 | D:9      | Lost mutation: You have hidden genetic defects. [potion of
                  | mutation]
 16630 | D:9      | Lost mutation: You occasionally shout uncontrollably at
                  | your foes. [potion of mutation]
 16630 | D:9      | Gained mutation: Your magical capacity is low. (-10% MP)
                  | [potion of mutation]
 16830 | D:9      | Found Zin's Purification Station.
 16830 | D:9      | Found a glowing silver altar of Zin.
 17108 | D:9      | Killed Erolcha
 17231 | D:10     | Entered Level 10 of the Dungeon
 17435 | D:10     | Noticed Snorg
 17462 | D:10     | Killed Snorg
 18143 | D:10     | Found a shimmering altar of Xom.
 18182 | D:10     | Noticed Joseph
 18193 | D:10     | Killed Joseph
 19237 | D:11     | Noticed Erica
 19243 | D:11     | Killed Erica
 19484 | D:11     | Found a staircase to the Orcish Mines.
 19512 | Orc:1    | Entered Level 1 of the Orcish Mines
 19656 | Orc:1    | Found Myhar's Antique Weapon Emporium.
 19686 | Orc:1    | Bought a glowing orcbow for 227 gold pieces
 19894 | Orc:2    | Entered Level 2 of the Orcish Mines
 20588 | Orc:2    | Found a staircase to the Elven Halls.
 20733 | Orc:1    | Reached ****** piety under Hepliaklqana
 20961 | Orc:2    | Found Joist's Magic Scroll Shoppe.
 20970 | Orc:2    | Bought a scroll of identify for 30 gold pieces
 20971 | Orc:2    | Bought a scroll of identify for 30 gold pieces
 20971 | Orc:2    | Bought a scroll of identify for 30 gold pieces
 21355 | Orc:2    | Found Itededel's Armour Boutique.
 21391 | Orc:2    | Found Galyra's Antique Armour Emporium.
 21393 | Orc:2    | Found Dicryl's Antique Weapon Shoppe.
 21435 | Orc:2    | Bought a +0 pair of boots for 45 gold pieces
 21514 | Orc:2    | Bought a scroll of blinking for 112 gold pieces
 21514 | Orc:2    | Bought a scroll of blinking for 112 gold pieces
 21787 | D:12     | Identified a scroll of acquirement
 21794 | D:12     | Acquired the amulet of Tamautopt {Spirit rPois Regen+ rCorr
                  | Int+3}
 22190 | D:12     | Reached skill level 5 in Spellcasting
 22400 | D:12     | Reached XP level 16. HP: 119/131 MP: 19/22
 22625 | D:12     | Identified the staff of earth "Ratedont" {Str-2 Int+3 Dex+8
                  | SInv}
 23611 | D:14     | Noticed Frances
 23682 | D:14     | Found Xidiuxicw's Assorted Antiques.
 23690 | D:14     | Acquired 929 gold pieces
 23692 | D:14     | Bought a dark potion for 34 gold pieces
 23703 | D:14     | Noticed Jorgrun
 23924 | Shoals:1 | Entered Level 1 of the Shoals
 23936 | Shoals:1 | Reached skill level 10 in Invocations
 24138 | Shoals:1 | Found Molutacw's Magic Scroll Boutique.
 24141 | Shoals:1 | Bought a scroll of teleportation for 39 gold pieces
 24141 | Shoals:1 | Bought a scroll of blinking for 97 gold pieces
 24141 | Shoals:1 | Bought a scroll of enchant armour for 97 gold pieces
 24366 | Shoals:1 | Noticed Mlioglotl
 25040 | Shoals:1 | Reached skill level 15 in Fighting
 25395 | D:14     | Killed Jorgrun
 25639 | D:14     | Found Xywocw's Jewellery Emporium.
 25698 | D:14     | Found a transporter.
 25700 | D:14     | Found Lehybid's Assorted Antiques.
 25735 | D:14     | Found a gate to the Vaults.
 25735 | D:14     | Noticed Azrael
 25773 | D:14     | Killed Azrael
 25842 | D:14     | Found Nodimen's Antique Armour Emporium.
 25906 | D:14     | Bought a pair of runed gloves for 150 gold pieces
 25978 | D:14     | Found a transporter.
 26481 | D:14     | Killed Frances
 26656 | D:15     | Entered Level 15 of the Dungeon
 26784 | D:15     | Reached XP level 17. HP: 140/140 MP: 23/23
 26808 | D:15     | Reached skill level 15 in Dodging
 26887 | D:15     | Noticed Roxanne
 27080 | D:14     | Bought the ring "Nilyogio" {AC+4 SInv} for 708 gold pieces
 27725 | D:15     | Found a staircase to the Depths.
 28393 | Spider:1 | Entered Level 1 of the Spider Nest
 29226 | Spider:1 | Identified the +0 ring mail of Tempters {Will+ Int+3}
 29372 | Spider:1 | Noticed Nikola
 29395 | Spider:1 | Killed Nikola
 31193 | Spider:3 | Noticed Bai Suzhen
 31206 | Spider:3 | Killed Bai Suzhen
 32246 | Spider:4 | Entered Level 4 of the Spider Nest
 32256 | Spider:3 | Reached XP level 18. HP: 142/148 MP: 22/24
 33329 | Spider:4 | Got a gossamer rune of Zot
 33563 | Lair:3   | Killed Mlioglotl
 34010 | Shoals:2 | Reached skill level 10 in Evocations
 34096 | Shoals:1 | Bought a scroll of vulnerability for 52 gold pieces
 34096 | Shoals:1 | Bought a scroll of silence for 123 gold pieces
 34096 | Shoals:1 | Bought a scroll of poison for 52 gold pieces
 34096 | Shoals:1 | Bought a scroll of enchant weapon for 97 gold pieces
 34510 | Shoals:3 | Found Ducliq's Antique Armour Shoppe.
 34623 | Shoals:3 | Noticed Aizul
 34645 | Shoals:3 | Killed Aizul
 34780 | Shoals:3 | Noticed Ilsuiw
 34964 | Shoals:3 | Identified the +10 plate armour of Yraon {Rampage Will+
                  | Int+2}
 34970 | Shoals:3 | Noticed Mara
 34996 | Shoals:3 | Killed Mara
 35089 | Shoals:3 | Noticed Polyphemus
 35244 | Shoals:3 | Killed Polyphemus
 35340 | Shoals:4 | Entered Level 4 of the Shoals
 35375 | Shoals:4 | Reached XP level 19. HP: 151/154 MP: 22/25
 35603 | Shoals:4 | Got a barnacled rune of Zot
 35868 | Shoals:4 | Reached skill level 1 in Transmutations
 35868 | Shoals:4 | Reached skill level 1 in Earth Magic
 35917 | Shoals:4 | Identified the +5 falchion "Eple Saux" {heavy, *Rage rPois
                  | Dex+3}
 36063 | Shoals:4 | Found the +9 sword of Zonguldrok {reap}
 36402 | Shoals:3 | Killed Ilsuiw
 36853 | Elf:1    | Entered Level 1 of the Elven Halls
 36907 | Elf:1    | Found Bufehun's Antique Weapon Shoppe.
 37026 | Elf:1    | Found a runed translucent gate.
 37026 | Elf:1    | Found a runed translucent gate.
 37026 | Elf:1    | Found a runed translucent gate.
 37026 | Elf:1    | Found a runed translucent gate.
 37026 | Elf:1    | Found a runed translucent gate.
 37027 | Elf:1    | Found a runed translucent gate.
 37687 | Elf:2    | Found Feiqurur's Distillery.
 37689 | Elf:2    | Found Kogoth's Distillery.
 37695 | Elf:2    | Found Zadu's Assorted Antiques.
 37698 | Elf:2    | Bought a potion of haste for 110 gold pieces
 37698 | Elf:2    | Bought a potion of invisibility for 88 gold pieces
 37698 | Elf:2    | Bought a potion of heal wounds for 55 gold pieces
 37698 | Elf:2    | Bought a potion of haste for 110 gold pieces
 37713 | Elf:2    | Bought a potion of haste for 180 gold pieces
 37715 | Elf:2    | Bought a scroll of immolation for 164 gold pieces
 37715 | Elf:2    | Bought a scroll of blinking for 307 gold pieces
 37739 | Elf:2    | Paralysed by an air elemental for 1 turns
 37803 | Elf:2    | Found a runed translucent gate.
 37804 | Elf:2    | Found a runed translucent gate.
 37804 | Elf:2    | Found a runed translucent gate.
 38327 | Elf:2    | Reached XP level 20. HP: 140/165 MP: 25/29
 38669 | Elf:2    | Found Feiqurur's Distillery.
 38672 | Elf:2    | Found Kogoth's Distillery.
 38674 | Elf:2    | Found Zadu's Assorted Antiques.
 39225 | Elf:3    | Entered Level 3 of the Elven Halls
 39404 | Elf:3    | Found a bloodstained altar of Trog.
 39639 | Elf:3    | Reached skill level 10 in Spellcasting
 40087 | Abyss:2  | Found an ornate altar of the Wu Jian Council.
 40087 | Abyss:2  | Cast into level 2 of the Abyss (a deep elf sorcerer)
 40331 | Elf:3    | Escaped the Abyss
 40967 | Elf:3    | Identified the ring of Acig {rPois rCorr Dex+3}
 40980 | Elf:3    | Identified the +7 quarterstaff of a bazaar {chaos, rF+ rN+
                  | Dex+3}
 41238 | Elf:3    | Identified the +0 tower shield "Olixen" {rF+ rCorr Int+3}
 41419 | Elf:3    | Identified the staff of poison "Uliofar" {rPois rN+ Int+3}
 41421 | Elf:3    | Got the Compendium of the Decaying Sky
 41425 | Elf:3    | Got the Annotations on the Called Panacea
 41431 | Elf:3    | Identified the staff of poison "Ekomiw" {Contam rPois rC+++
                  | Str+2 Dex+4}
 41446 | Elf:3    | Identified the +2 scale mail of Inviolability {rF- Will++
                  | Stlth+}
 41859 | Vaults:1 | Entered Level 1 of the Vaults
 42374 | Vaults:1 | Acquired 1019 gold pieces
 42729 | Vaults:1 | Reached XP level 21. HP: 180/180 MP: 31/31
 42999 | Vaults:1 | Identified the +5 long sword "Impbane" {holy, rPois Dex+5}
 43335 | D:10     | Got the Volume of Corruption and the Blaze
 43340 | D:10     | Identified the +0 great mace of the Evil Eye {freeze, rElec
                  | Str+4}
 43861 | Vaults:2 | Identified the +4 chain mail "Xitt" {Int+4}
 44273 | Vaults:2 | Found Xoshroh's Weapon Shop.
 44374 | Vaults:2 | Found a portal to a secret trove of treasure.
 44744 | Vaults:2 | Found a staircase to the Crypt.
 44744 | Vaults:2 | Found a basalt altar of Yredelemnul.
 44744 | Vaults:2 | Found an ancient bone altar of Kikubaaqudgha.
 45483 | Vaults:3 | Found Coipneedgh's Magic Scroll Shop.
 45490 | Vaults:3 | Bought a scroll of acquirement for 728 gold pieces
 45490 | Vaults:3 | Bought a scroll of immolation for 56 gold pieces
 45490 | Vaults:3 | Acquired the ring "Geufiqeu" {Wiz rC+ Str-2 Int+4 Dex+3}
 46439 | Vaults:4 | Reached XP level 22. HP: 192/193 MP: 29/32
 46635 | Vaults:4 | Noticed Donald
 46649 | Vaults:4 | Killed Donald
 46917 | Vaults:4 | Noticed Mennas
 47259 | Depths:1 | Entered Level 1 of the Depths
 47422 | Depths:1 | Found a radiant altar of Vehumet.
 47429 | Depths:1 | Found Veusaan's Assorted Antiques.
 47432 | Depths:1 | Bought a potion of heal wounds for 180 gold pieces
 47645 | Depths:1 | Found a burning altar of Makhleb.
 47881 | Depths:1 | Found Qafiyplu's Armour Shoppe.
 47898 | Depths:1 | Found Izuekuf's Distillery.
 47910 | Depths:1 | Bought a potion of heal wounds for 60 gold pieces
 47910 | Depths:1 | Bought a potion of resistance for 120 gold pieces
 47910 | Depths:1 | Bought a potion of mutation for 96 gold pieces
 47910 | Depths:1 | Bought 2 potions of lignification for 72 gold pieces
 47910 | Depths:1 | Bought a potion of mutation for 96 gold pieces
 47910 | Depths:1 | Bought a potion of haste for 120 gold pieces
 48122 | Depths:1 | Found Wing's Book Boutique.
 48125 | Depths:1 | Found a gateway to Hell.
 48227 | Depths:1 | Found a burning altar of Makhleb.
 48227 | Depths:1 | Found the +16 obsidian axe {drain, demonic, Mesm Drain Fly
                  | SInv}
 48452 | Depths:2 | Noticed a juggernaut
 48655 | Depths:2 | Killed a juggernaut
 48835 | Depths:2 | Found a one-way gate leading to the halls of Pandemonium.
 49014 | Depths:2 | Found Syt Reick's Book Shop.
 49481 | Depths:3 | Reached XP level 23. HP: 200/200 MP: 27/33
 50564 | Vaults:2 | You paid a toll of +3 ice dragon scales to enter a treasure
                  | trove
 50565 | Trove    | Entered a treasure trove
 50577 | Trove    | Identified the ring "Yqoceu" {*Slow rCorr Slay+4}
 50580 | Trove    | Identified the ring "Piwapseo" {rElec rC+ Will+++ Str-5
                  | Stlth-}
 50586 | Trove    | Identified the amulet "Matzecu" {Faith rN+ Int+3}
 50587 | Trove    | Identified the ring of the Fool {rF+ Dex+3}
 50588 | Trove    | Identified the ring of Greed {rC+ rN+++ Will- Int+6}
 50592 | Trove    | Identified the ring of Aniec {Fly Will- Str+6 SInv}
 50933 | Depths:3 | Noticed a caustic shrike
 50933 | Depths:3 | Noticed a caustic shrike
 50936 | Depths:3 | Noticed a caustic shrike
 50936 | Depths:3 | Noticed a caustic shrike
 50937 | Depths:3 | Noticed a caustic shrike
 50947 | Depths:3 | Killed a caustic shrike
 50958 | Depths:3 | Killed a caustic shrike
 50960 | Depths:3 | Killed a caustic shrike
 50965 | Depths:3 | Killed a caustic shrike
 50967 | Depths:3 | Killed a caustic shrike
 51077 | Depths:3 | Found a one-way gate to the infinite horrors of the Abyss.
 51125 | Depths:3 | Paralysed by a floating eye for 4 turns
 51137 | Depths:3 | Lost mutation: Your magical capacity is low. (-10% MP)
                  | [potion of mutation]
 51137 | Depths:3 | Gained mutation: Your flesh is cold resistant. (rC+)
                  | [potion of mutation]
 51137 | Depths:3 | Gained mutation: You are strong-willed. (Will+) [potion of
                  | mutation]
 51139 | Depths:3 | Found a one-way gateway to a ziggurat.
 51196 | Depths:3 | Found a runed translucent gate.
 51196 | Depths:3 | Found a runed translucent gate.
 51196 | Depths:3 | Found a runed translucent gate.
 51196 | Depths:3 | Noticed Iloeme's ghost (adept DECK)
 51596 | Depths:4 | Entered Level 4 of the Depths
 51608 | Depths:4 | Noticed a juggernaut
 51618 | Depths:4 | Killed a juggernaut
 52681 | Depths:4 | Found Ussiahost's Specialty Armours.
 52805 | Depths:4 | Found a gate to the Realm of Zot.
 52811 | Depths:4 | Learned a level 2 spell: Passwall
 53104 | Vaults:5 | Entered Level 5 of the Vaults
 53158 | Vaults:5 | Reached XP level 24. HP: 212/212 MP: 37/37
 53215 | Vaults:5 | Reached skill level 5 in Transmutations
 53216 | Vaults:5 | Reached skill level 5 in Translocations
 53216 | Vaults:5 | Reached skill level 5 in Earth Magic
 53263 | Vaults:5 | Identified the +5 mace "Yfietacw" {heavy, *Corrode rPois
                  | Int+8 Dex-5}
 53310 | Vaults:5 | Identified the +4 chain mail "Juerunus" {rElec Regen+ Int+2
                  | Stlth+}
 53510 | Vaults:5 | Identified the staff of air "Goryt" {rElec rC- Dex-4 SInv
                  | Stlth+}
 53513 | Vaults:5 | Identified the staff of air "Faulowne" {rElec rPois Will+
                  | Int+4 Stlth-}
 54004 | Vaults:5 | Identified the +1 lajatang of Darkness {freeze, Fly rElec
                  | rC+}
 54042 | Vaults:5 | Reached skill level 15 in Evocations
 54258 | Vaults:5 | Got a silver rune of Zot
 55052 | Zot:1    | Entered Level 1 of the Realm of Zot
 55692 | Zot:3    | Reached XP level 25. HP: 219/220 MP: 36/37
 55795 | Zot:5    | Entered Level 5 of the Realm of Zot
 55981 | Zot:5    | Found a runed translucent gate.
 55981 | Zot:5    | Found a runed translucent gate.
 55981 | Zot:5    | Found a runed translucent gate.
 55985 | Zot:5    | Noticed Vorhees's ghost (legendary DjSu)
 56252 | Zot:5    | Noticed an orb of fire
 56266 | Zot:5    | Killed an orb of fire
 56271 | Zot:5    | Noticed an ancient lich
 56537 | Zot:5    | Noticed an ancient lich
 56543 | Zot:5    | Noticed a dread lich
 56547 | Zot:5    | Killed an ancient lich
 56549 | Zot:5    | Noticed an orb of fire
 56592 | Zot:5    | Killed an orb of fire
 56687 | Zot:5    | Killed a dread lich
 56698 | Zot:5    | Killed an ancient lich
 56722 | Zot:5    | Noticed a Killer Klown
 56738 | Zot:5    | Killed a Killer Klown
 56755 | Zot:5    | Noticed a dread lich
 56777 | Zot:5    | Killed a dread lich
 56971 | Zot:5    | Got the Orb of Zot
 56971 | Zot:5    | Noticed an ancient lich
 56984 | Zot:5    | Noticed a Killer Klown
 57107 | Zot:3    | Noticed a seraph
 57166 | Depths:4 | Noticed Neicatas the pandemonium lord
 57209 | Depths:3 | Noticed Timuil the pandemonium lord
 57248 | Depths:1 | Noticed a seraph
 57377 | D:11     | Noticed Cits the pandemonium lord
 57438 | D:9      | Noticed Gizesse the pandemonium lord
 57675 | D:$      | Escaped with the Orb!

Illustrated notes

Levels and vault maps discovered:
D:1:      saegor_arrival_miasma, layout_basic, st_stairs_3, minmay_pentomino_z4
D:2:      layout_basic
D:3:      layout_loops_ring, pdpol_wu_jian_five_deadly_venoms,
          mainiacjoe_overflow_boulevard
D:4:      wad_pebble_path, layout_basic, nemelex_xobeh_ov_fountains_minmay,
          uniq_blork_the_orc, uniq_robin, uniq_eustachio
D:5:      layout_loops_ring, mainiacjoe_overflow_alcove_2,
          mainiacjoe_overflow_surrounded_room
D:6:      layout_basic, uniq_pikel, uniq_menkaure, uniq_sigmund, uniq_maggie,
          uniq_duvessa
D:7:      layout_basic, grunt_dithmenos_smoke_and_mirrors,
          chequers_temple_overflow_minitemple, minmay_temple_entry_glassed_door,
          chequers_mini_garden, moated_statue
D:8:      gammafunk_sealed_arena, layout_cave_pods, david_lair_shrubbed
D:9:      layout_stronghold, dancing_weapons_uskayaw, zin_purify,
          mainiacjoe_overflow_brackets, serial_demonic, serial_demonic_d,
          serial_demonic_a, serial_demonic_e, serial_demonic_f, enter_bailey_4,
          serial_shops, nicolae_shop_window_shopping, nicolae_lava_and_water,
          uniq_erolcha
D:10:     minmay_bloctagon, layout_layer_cave, led_xom_imps, nrook_campfire,
          minivault_12, uniq_joseph, uniq_snorg
D:11:     layout_roguey, orc_0_dummy, uniq_erica
D:12:     minmay_the_grid_square_5x5_4x4_mashed
          [minmay_the_grid_square_5x5_longway,
          minmay_the_grid_square_5x5_six_small,
          minmay_the_grid_square_5x5_sharp_hourglass,
          minmay_the_grid_square_5x5_comb,
          minmay_the_grid_square_5x5_pentomino_r,
          minmay_the_grid_square_5x5_prize_pseudospiral,
          minmay_the_grid_square_5x5_prize_gold,
          minmay_the_grid_square_5x5_broken_cross, minmay_the_grid_square_5x5_n,
          minmay_the_grid_square_5x5_prize_deathbox,
          minmay_the_grid_square_5x5_prize_open,
          minmay_the_grid_square_5x5_empty, minmay_the_grid_square_5x5_n_small,
          minmay_the_grid_square_5x5_corner,
          minmay_the_grid_square_5x5_minivault,
          minmay_the_grid_square_5x5_bracketed], layout_rooms
D:13:     layout_long_grid
D:14:     layout_loops_corners, lightli_vaults_fourway_checkpoint, serial_shops,
          nicolae_take_the_stairs, nicolae_shop_drivethru, shop, shop,
          hangedman_decor_clover_reticule, uniq_azrael, uniq_frances,
          uniq_jorgrun
D:15:     gammafunk_enter_depths_forms, layout_loops_ring, special_room
          [special_room_mythical_zoo], uniq_roxanne
Temple:   hellmonk_temple_divided_pantheon
Lair:1:   lemuel_ratsnest, layout_long_grid, minmay_holes,
          infiniplex_staircase_pool_2, grunt_megastairs_2
Lair:2:   layout_loops_ring, gammafunk_ghost_arena,
          nicolae_volcano_entry_batcave, grunt_megastairs_5
Lair:3:   layout_small_grid, minmay_shoals_entry_hut,
          nicolae_spider_entry_tight_spaces
Lair:4:   layout_cave_pods, minmay_slime_entry_oklob_enclosed,
          grunt_forest_small_clearing_treed
Lair:5:   hangedman_lair_in_review, layout_loops_ring, wormcave, minivault_11
Shoals:1: nicolae_shoals_offshore_bank_account, layout_shoals, serial_shops,
          nicolae_shop_rolled_up, nicolae_shoals_enchanted_isle, uniq_mlioglotl
Shoals:2: layout_shoals, nicolae_shoals_songs
Shoals:3: layout_shoals, serial_shops, shop, uniq_aizul, uniq_polyphemus,
          uniq_ilsuiw, uniq_mara
Shoals:4: shoals_end_grunt_ice, layout_shoals
Spider:1: layout_spider_delve, uniq_nikola
Spider:2: layout_cave_pods
Spider:3: layout_cave_pods, uniq_bai_suzhen
Spider:4: floodkiller_spider_rune_tomb
Orc:1:    layout_diamond_mine, basic_altar, serial_shops, shop
Orc:2:    grunt_orc_community_town_hall, layout_caves,
          grunt_orc_community_big_house_1, grunt_orc_community_big_house_1,
          grunt_orc_community_house_3, grunt_orc_community_house_3,
          grunt_orc_community_house_3, grunt_orc_community_house_3,
          grunt_orc_community_house_2, grunt_orc_community_house_1, basic_altar
Elf:1:    eino_elf_arrival_sip, layout_loops_cross, serial_shops, shop_statue,
          orc_legates
Elf:2:    nicolae_elf_blades_crystal_corner, layout_geoelf_diagonals,
          minmay_shop_star
Elf:3:    minmay_elf_hall_curves, layout_geoelf_octagon,
          evilmike_spriggan_trog_shrine
Vaults:1: nicolae_vaults_diamond_1, hangedman_vaults_nodes,
          dpeg_vaults_monster_box, v_misc_17, nicolae_vaults_two_Ls,
          nicolae_vaults_doubleplus_tesselated, hangedman_vaults_restitches,
          nicolae_vaults_circle_grid_a, nicolae_vaults_closet_pinwheel_2,
          nicolae_vaults_storage_room_water, nicolae_vaults_octagons,
          nicolae_vaults_diamond_2, vaults_room_pool, layout_vaults_ring
Vaults:2: vaults_dpeg_cross, nicolae_vaults_heart-shaped_vault,
          hangedman_vaults_slither, nicolae_vaults_offset_grid_hallway_2,
          minmay_crypt_entry_necro_gods, hangedman_vaults_restitches,
          nicolae_vaults_sesquioval_fish, nicolae_vaults_yaktaur_gun_rack,
          nicolae_vaults_more_shelving_2, hangedman_vaults_impose,
          vaults_dpeg_hooks, ontoclasm_vaults_twist, layout_vaults_big_room,
          nicolae_trove_entry_crossroad, serial_shops, nicolae_shop_tiny_glass
Vaults:3: hangedman_vaults_cutoff, nicolae_vaults_closet_pinwheel_5,
          nicolae_vaults_twisting_passages, ontoclasm_vaults_idyll,
          nicolae_vaults_alarming, nicolae_vaults_storage_room_glass,
          nicolae_vaults_more_shelving_1, nicolae_vaults_asterisk,
          layout_vaults_omnigrid, serial_shops, shop_statue
Vaults:4: ontoclasm_vaults_gateway, nicolae_vaults_offset_grid_hallway_3,
          v_misc_14, nicolae_vaults_apartment_1, nicolae_vaults_big_ls,
          nicolae_vaults_border_crossing, nicolae_vaults_shelves_hall,
          nicolae_vaults_trapezoid_3, ontoclasm_vaults_pinch,
          nicolae_vaults_closet_pinwheel_4, nicolae_vaults_asterisk,
          nicolae_vaults_an_arrangement, v_rooms_2, layout_vaults_maze_snakey,
          uniq_donald, uniq_mennas, uniq_margery, uniq_zenata
Vaults:5
Depths:1: layout_twisted_cross, serial_shops, nicolae_shop_stone,
          nicolae_shop_stone, nicolae_shop_tiny_waterfront,
          kennysheep_mini_moat, hell_entry, fiery_altar_vehumet,
          serial_bayou_pond_c, grunt_guarded_unrand_obsidian_axe
Depths:2: hangedman_cross_stitches, layout_gridville, hell_entry,
          marbit_kobold_abyss_entry, grunt_pan_entry_sceptre, serial_shops,
          shop, minmay_misc_feat_four_crosses, infiniplex_staircase_zigzag_4
Depths:3: thingy_vault, layout_basic, enter_ziggurat_d, abyss_entry,
          ebering_ghost_rock_garden, pf_hell_entry_tar_spiral,
          corexii_leaking_fountain, hangedman_decor_opposing,
          serial_sigils_hangedman_scratch, infiniplex_staircase_pool_1
Depths:4: grunt_zot_entry_gee_three, layout_gridlike, rand_demon_pan_entry_1,
          hell_entry, nicolae_barding_shop
Zot:1:    layout_concentric_octagons
Zot:2:    layout_gridlike
Zot:3:    layout_onion_interference, hellmonk_ghost_big_iron
Zot:4:    hellmonk_paralyzer, layout_cellular_growth, st_stairs_7
Zot:5:    layout_misc_corridors, ebering_ghost_rock_garden

Skill      XL: |  1  2  3  4  5  6  7  8  9 10 11 12 13 14 15 16 17 18 19 20 21 22 23 24 25 |
---------------+----------------------------------------------------------------------------+-----
Fighting       | 3 4 5 6 7 9 10 12 13 14 15 16 17 20 22 23 24 26 | 26.3
Throwing       | 1 2 |  2.0
Ranged Weapons | 1 2 3 4 5 6 8 9 11 12 14 15 16 20 | 20.0
Dodging        | 3 4 5 7 8 9 10 11 12 14 15 17 18 19 20 22 24 25 26 | 26.0
Translocations | 4 5 |  5.0
Invocations    | 1 2 3 8 10 12 13 | 13.0
Spellcasting   | 3 6 9 10 | 10.0
Evocations     | 1 3 4 6 8 10 11 15 | 15.0
Stealth        | 2 |  2.0
Transmutations | 4 5 |  5.0
Earth Magic    | 4 5 |  5.0
Polearms       | |  2.0

Action                     |  1- 3 |  4- 6 |  7- 9 | 10-12 | 13-15 | 16-18 | 19-21 | 22-24 | 25-27 || total
---------------------------+-------+-------+-------+-------+-------+-------+-------+-------+-------++-------
  Melee: Spear             |   101 |    53 |       |       |       |       |       |       |       ||   154
         Tailslap          |    11 |     5 |       |       |       |       |       |       |       ||    16
         Punch             |     1 |       |       |       |       |       |       |       |       ||     1
         Longbow           |       |       |       |       |       |       |     3 |       |       ||     3
   Fire: Sling             |    54 |   245 |   267 |   994 |   801 |    16 |       |       |       ||  2377
         Shortbow          |       |       |       |       |   814 |  1418 |       |       |       ||  2232
         Longbow           |       |       |       |       |       |   839 |  1693 |  1920 |   463 ||  4915
  Throw: Stone             |     3 |       |       |       |       |       |       |       |       ||     3
         Dart              |     3 |     6 |     3 |       |     1 |     1 |       |     2 |     2 ||    18
         Boomerang         |       |     2 |       |       |       |       |       |       |       ||     2
         Throwing net      |       |     1 |     1 |       |     3 |     2 |       |       |       ||     7
   Cast: Blink             |       |       |     1 |       |       |     1 |       |       |       ||     2
         Apportation       |       |       |       |     6 |    13 |    19 |     4 |     5 |     2 ||    49
         Passwall          |       |       |       |       |       |       |       |       |     7 ||     7
 Invoke: Recall Ancestor   |       |       |     5 |    10 |     8 |    17 |     5 |     8 |     5 ||    58
         Ancestor Life: Kn |       |       |     1 |       |       |       |       |       |       ||     1
         Transference      |       |       |       |     1 |     1 |     2 |     1 |     1 |       ||     6
         Idealise          |       |       |       |       |     2 |     5 |     2 |     4 |     4 ||    17
         Ancestor Identity |       |       |       |       |       |     1 |       |       |       ||     1
Ability: Breathe Noxious F |       |       |     5 |    22 |    32 |    30 |    12 |    14 |       ||   115
  Evoke: Wand              |       |       |     1 |    15 |     5 |     9 |     1 |    11 |     8 ||    50
         Condenser vane    |       |       |       |       |       |       |       |     2 |     1 ||     3
    Use: Scroll            |     5 |     5 |     6 |     7 |    18 |    18 |     8 |    11 |     9 ||    87
         Potion            |       |     1 |       |     1 |     3 |     1 |     6 |     3 |     8 ||    23
 Armour: Skin              |    43 |    64 |    11 |    43 |    45 |   117 |    39 |    49 |    29 ||   440
  Dodge: Dodged            |    62 |   108 |    62 |   271 |   276 |   662 |   295 |   454 |   124 ||  2314
  Block: Other             |       |       |       |       |    18 |       |       |       |       ||    18
         Reflection        |       |       |       |       |     4 |       |       |       |       ||     4

Table legend: (Time is in decaauts)
 A = Elapsed time spent in this place.
 B = Non-inter-level travel time spent in this place.
 C = Inter-level travel time spent in this place.
 D = Time resting spent in this place.
 E = Time spent auto-exploring this place.
 F = Levels seen in this place.
 G = Mean time per level.
                   A        B        C        D        E       F      G
               +--------+--------+--------+--------+--------+-----+--------+
         Total |  55630 |  49404 |   6226 |   8427 |  25786 |  51 | 1090.8 |
       Dungeon |  18301 |  15513 |   2788 |   2012 |   8988 |  15 | 1220.1 |
        Temple |     36 |     31 |      5 |      0 |      8 |   1 |   36.0 |
          Lair |   7814 |   7197 |    617 |   1758 |   3454 |   5 | 1562.8 |
        Shoals |   4132 |   3806 |    326 |    504 |   1570 |   4 | 1033.0 |
   Spider Nest |   4909 |   4594 |    315 |   1019 |   2152 |   4 | 1227.2 |
  Orcish Mines |   2362 |   1747 |    615 |    357 |    865 |   2 | 1181.0 |
   Elven Halls |   4551 |   4141 |    410 |   1098 |   2148 |   3 | 1517.0 |
        Vaults |   6501 |   5855 |    646 |    651 |   3786 |   5 | 1300.2 |
        Depths |   4530 |   4092 |    438 |    473 |   2463 |   4 | 1132.5 |
           Zot |   1873 |   1810 |     63 |    533 |    201 |   5 |  374.6 |
         Abyss |    221 |    221 |      0 |     19 |      0 |   1 |  221.0 |
         Trove |     42 |     42 |      0 |      0 |      2 |   1 |   42.0 |
        Bailey |    352 |    352 |      0 |      0 |    147 |   1 |  352.0 |
               +--------+--------+--------+--------+--------+-----+--------+

Top non-repeatable levels by time:
  Lair:5: 2589 daAuts
   Elf:3: 2147 daAuts
    D:14: 1896 daAuts
     D:4: 1855 daAuts
    D:10: 1751 daAuts
   Orc:2: 1668 daAuts
   Elf:2: 1641 daAuts
    D:15: 1634 daAuts
Vaults:1: 1539 daAuts
Vaults:5: 1472 daAuts
  Lair:4: 1423 daAuts
  Lair:3: 1408 daAuts
  Lair:1: 1405 daAuts
Vaults:2: 1380 daAuts
Spider:1: 1351 daAuts
